 Dungeon Crawl Stone Soup version 0.30.1-11-g7821555f0a (webtiles) character file.

Game seed: 11982372006322481512

17869 Okkudo the Fighter (level 12, -4/118 HPs)
             Began as a Hill Orc Fighter on Nov 27, 2023.
             Was a High Priest of Beogh.
             Slain by a skeletal warrior
             ... wielding a +0 trident
              (8 damage)
             ... on level 12 of the Dungeon.
             The game lasted 01:12:29 (10936 turns).

Okkudo the Fighter (Hill Orc Fighter)              Turns: 10936, Time: 01:12:29

Health: -4/118     AC: 21    Str: 35    XL:     12   Next: 52%
Magic:  19/19      EV: 10    Int:  8    God:    Beogh [*****.]
Gold:   1345       SH:  6    Dex: 10    Spells: 11/11 levels left

rFire   . . .        N - +12 flail "Worm" {chaos, rC+ Str+2 SInv}
rCold   + . .        c - +0 buckler
rNeg    . . .        o - +5 ring mail
rPois   .            s - +0 helmet {SInv}
rElec   .            (no cloak)
rCorr   .            G - +2 pair of gloves
SInv    +            (no boots)
Will    .....        n - amulet of regeneration Stlth
                     p - +9 ring of strength
HPRegen 1.19/turn    y - +4 ring of protection
MPRegen 0.16/turn

%: no passive effects
@: about to teleport
A: walk on water
a: Renounce Religion, Smiting, Recall Orcish Followers, Give Item to Named
Follower


You were on level 12 of the Dungeon.
You worshipped Beogh.
Beogh was extremely pleased with you.
You visited 1 branch of the dungeon, and saw 12 of its levels.

You collected 2345 gold pieces.
You spent 1000 gold pieces at shops.

Inventory:

Hand Weapons
 a - a +2 war axe of draining
 N - the +12 flail "Worm" (weapon) {chaos, rC+ Str+2 SInv}
   (You found it on level 10 of the Dungeon)

   Str:       It affects your strength (+2).
   rC:        It protects you from cold.
   SInv:      It lets you see invisible.
 U - the +8 whip "Ihum" {vamp, rPois rCorr MP-9 Str+6}
   (You found it on level 12 of the Dungeon)

   Str:       It affects your strength (+6).
   rPois:     It protects you from poison.
   MP:        It affects your magic capacity (-9).
   rCorr:     It protects you from acid and corrosion.
Missiles
 e - 2 atropa-tipped darts
 k - 34 poisoned darts (quivered)
 v - 2 throwing nets
Armour
 c - a +0 buckler (worn)
 o - a +5 ring mail (worn)
 s - a +0 helmet of see invisible (worn)
 G - a +2 pair of gloves (worn)
 T - +0 ice dragon scales
Magical Staves
 d - a staff of conjuration
Jewellery
 f - an amulet of reflection
 g - a ring of protection from fire
 n - an amulet of regeneration (around neck)
 p - a +9 ring of strength (left hand)
 t - a ring of protection from cold
 w - a ring of wizardry
 y - a +4 ring of protection (right hand)
 D - a ring of willpower
 I - a ring of wizardry
Wands
 h - a wand of charming (13)
 q - a wand of polymorph (5)
 r - a wand of flame (16)
 u - a wand of mindburst (8)
 F - a wand of iceblast (22)
 L - a wand of acid (3)
 M - a wand of digging (3)
Scrolls
 i - 6 scrolls of teleportation
 j - 4 scrolls of identify
 l - a scroll of immolation
 B - 2 scrolls of poison
 C - a scroll of acquirement
 E - 2 scrolls of fear
 K - a scroll of amnesia
 O - a scroll of fog
 P - 2 scrolls of torment {unknown}
 V - a scroll of enchant weapon
Potions
 b - 3 potions of degeneration
 m - 2 potions of curing
 x - 2 potions of heal wounds
 z - 2 potions of brilliance
 A - a potion of resistance {unknown}
 J - 2 potions of mutation
 Q - a potion of haste {unknown}
 R - a potion of attraction {unknown}
 S - a potion of flight
Miscellaneous
 H - a tin of tremorstones (2/2)


   Skills:
 * Level 14.6 Fighting
 - Level 1.0 Long Blades
 + Level 11.1 Axes
 + Level 10.0 Armour
 + Level 9.9 Shields
 + Level 9.6 Invocations


You had 11 spell levels left.
You didn't know any spells.
Your spell library contained the following spells:

 Spells                   Type           Power      Damage    Failure   Level
 Apportation              Tloc           0%         N/A       52%         1
 Sting                    Tmut/Pois      0%         1d3       52%         1
 Cigotuvi's Dreadful Rot  Necr/Pois/Air  0%         N/A       67%         2
 Ensorcelled Hibernation  Hex/Ice        0%         N/A       67%         2
 Poisonous Vapours        Pois/Air       0%         N/A       67%         2
 Frozen Ramparts          Ice            0%         1d1       88%         3
 Gell's Gravitas          Tloc           0%         N/A       88%         3
 Ignite Poison            Fire/Tmut/Pois 0%         N/A       88%         3
 Mephitic Cloud           Conj/Pois/Air  0%         N/A       88%         3
 Teleport Other           Tloc           0%         N/A       88%         3
 Ice Form                 Ice/Tmut       0%         N/A       99%         4
 Olgreb's Toxic Radiance  Pois           0%         N/A       99%         4
 Summon Ice Beast         Ice/Summ       0%         N/A       99%         4
 Alistair's Intoxication  Tmut/Pois      0%         N/A       100%        5
 Borgnjor's Vile Clutch   Necr/Erth      0%         N/A       100%        5
 Freezing Cloud           Conj/Ice/Air   0%         6-21      100%        5
 Metabolic Englaciation   Hex/Ice        0%         N/A       100%        5
 Dispersal                Tloc           0%         N/A       100%        6


Dungeon Overview and Level Annotations

Branches:
Dungeon (12/15)            Temple (0/1) D:4            Lair (0/5) D:8
    Orc (0/2) D:12

Altars:
Ashenzari
Cheibriados
Elyvilon
Nemelex Xobeh
Qazlal
Trog
Uskayaw
Wu Jian
Zin

Shops:
D:5 (   D:10 *=   D:11 *

Annotations:
D:3 3 runed translucent doors, Drain's ghost, amateur HOFi; Koll24's ghost, amateur HuFi; Selrock's ghost, novice GrFi; peterlawrence's ghost, amateur MiFi
D:9 1 runed translucent door
Abyss:1 Lodul


Message History

The howler monkey barely misses you.
The skeletal warrior hits you with a +0 hand axe!
The skeletal warrior hits you but does no damage. x2
The skeletal warrior hits you from afar with a +0 heavy trident.
The howler monkey barely misses you.
You hit the skeletal warrior but do no damage.
The skeletal warrior is almost destroyed.
The skeletal warrior misses you.
The skeletal warrior hits you but does no damage. x2
The howler monkey hits you but does no damage.
The skeletal warrior hits you but does no damage.
You hit the skeletal warrior.
You destroy the skeletal warrior!
Beogh accepts your kill.
Your orc warrior looks more experienced.
The skeletal warrior hits you with a +0 mace!
You block the skeletal warrior's attack.
You block the howler monkey's attack.
Your Armour skill increases to level 10!
You block the howler monkey's attack.
A skeletal warrior comes into view. It is wielding a +0 mace.
The skeletal warrior hits you with a +0 mace.
The skeletal warrior hits you from afar with a +0 heavy trident!
You block the skeletal warrior's attack.
You see here a +0 hand axe.
The skeletal warrior attacks as you move away!
The skeletal warrior hits you with a +0 trident!
* * * LOW HITPOINT WARNING * * *
The howler monkey hoots and howls with incredible vigour!
The skeletal warrior hits you with a +0 mace.
* * * LOW HITPOINT WARNING * * *
The skeletal warrior hits you from afar with a +0 trident!
* * * LOW HITPOINT WARNING * * *
Your orc warrior closely misses the howler monkey.
Your orc warrior hits the skeletal warrior but does no damage.
As you read the scroll of teleportation, it crumbles to dust.
You feel strangely unstable.
The skeletal warrior closely misses you.
The skeletal warrior hits you from afar with a +0 trident!
You die...

#...#...#.. ...#.#....#.. #.
....#........ ##..
....#.#....... ....
...#...#...... ..... <...#..
#..##..
.....#####z#..#...#..##..
#.}..........#.#.......
#..hz)@.......#........
#.##z)z###...#.#...###.
#...#o#...#.#...#.#...#
#....#.....#.....#.....
#...#.#...#.#...#.#...#
#.##.o.###...#.#...###.
#..###.............#........
#.................#.#.......
#.............#..#...#......


You could see 4 skeletal warriors, a howler monkey (catching breath, ally
target) and a friendly orc warrior.

Vanquished Creatures
  An ice dragon (D:11)
  A catoblepas (D:9)
  A hydra (D:12)
  A centaur warrior (D:11)
  A death knight (D:9)
  2 two-headed ogres
  A skeletal warrior (D:12)
  A cyclops (D:11)
  A wolf spider (D:9)
  A gargoyle (D:10)
  An unseen horror (D:10)
  Prince Ribbit (D:6)
  2 hornets
  A troll (D:11)
  Grinder (D:5)
  2 polar bears (D:11)
  4 wyverns
  A spriggan (shapeshifter) (D:9)
  Sigmund (D:5)
  A wraith (D:11)
  25 yaks
  2 basilisks
  A steam dragon (D:8)
  Edmund (D:5)
  2 water moccasins
  An orc warrior (D:6)
  2 black bears
  2 wolves (D:11)
  A sky beast (D:7)
  7 ogres
  3 phantoms
  3 centaurs
  4 bullfrogs
  2 kobold brigands
  A gnoll sergeant (D:9)
  2 scorpions
  8 wights
  5 killer bees (D:6)
  6 howler monkeys
  3 hounds
  2 jellies
  6 orc priests
  3 sleepcaps
  2 gnoll boudas (D:7)
  2 iguanas
  4 orc wizards
  Terence (D:2)
  Robin (D:2)
  12 adders
  15 gnolls
  3 shadow imps
  2 white imps (D:7)
  3 worms
  3 dart slugs
  27 orcs
  8 endoplasms
  4 giant cockroaches
  17 goblins
  10 hobgoblins
  14 kobolds
  5 quokkas
  2 ball pythons
  A bat (D:2)
  A frilled lizard (D:2)
  4 rats
259 creatures vanquished.

Vanquished Creatures (collateral kills)
  Nergalle (D:11)
  A cyclops (D:11)
  A troll (D:12)
  An orc warrior (D:8)
  An ogre (D:11)
  An orc priest (D:9)
  4 orcs
  A goblin (D:10)
  5 kobolds (D:11)
16 creatures vanquished.

Vanquished Creatures (others)
  An orc knight (D:11)
  2 orc warriors (D:11)
  An orc priest (D:9)
  5 orcs
  5 orc wizards
  A gnoll (D:9)
15 creatures vanquished.

Grand Total: 290 creatures vanquished

Notes
Turn   | Place    | Note
-------+----------+-------------------------------------------
     0 | D:1      | Okkudo the Hill Orc Fighter began the quest for the Orb.
     0 | D:1      | Reached XP level 1. HP: 19/19 MP: 1/1
   180 | D:1      | Reached XP level 2. HP: 27/27 MP: 2/2
   318 | D:1      | Reached skill level 4 in Fighting
   653 | D:2      | Reached XP level 3. HP: 33/33 MP: 3/3
   872 | D:2      | Noticed Terence
   877 | D:2      | Killed Terence
   878 | D:2      | Reached XP level 4. HP: 41/41 MP: 4/4
   984 | D:2      | Noticed Robin
   996 | D:2      | Killed Robin
  1288 | D:3      | Reached XP level 5. HP: 47/47 MP: 5/5
  1294 | D:3      | Reached skill level 5 in Fighting
  1372 | D:3      | Found a faded altar of an unknown god.
  1372 | D:3      | Noticed an ogre
  1376 | D:3      | Killed an ogre
  1420 | D:3      | Reached XP level 6. HP: 56/56 MP: 6/6
  1547 | D:3      | Became a worshipper of Beogh the Brigand
  1695 | D:3      | Found a runed translucent gate.
  1695 | D:3      | Found a runed translucent gate.
  1695 | D:3      | Found a runed translucent gate.
  1697 | D:3      | Noticed peterlawrence's ghost (amateur MiFi)
  1697 | D:3      | Noticed Drain's ghost (amateur HOFi)
  1698 | D:3      | Noticed Koll24's ghost (amateur HuFi)
  1698 | D:3      | Noticed Selrock's ghost (novice GrFi)
  2536 | D:4      | Found a snail-covered altar of Cheibriados.
  2543 | D:4      | Found a sparkling altar of Nemelex Xobeh.
  2546 | D:4      | Found an ornate altar of the Wu Jian Council.
  2549 | D:4      | Found a glowing silver altar of Zin.
  2695 | D:4      | Reached skill level 6 in Fighting
  2865 | D:4      | Found a staircase to the Ecumenical Temple.
  2884 | D:4      | Reached * piety under Beogh
  2922 | D:4      | Reached XP level 7. HP: 64/64 MP: 7/7
  2998 | D:4      | Reached skill level 5 in Axes
  3263 | D:5      | Entered Level 5 of the Dungeon
  3360 | D:5      | Noticed Edmund
  3417 | D:5      | Reached skill level 5 in Shields
  3423 | D:5      | Reached skill level 5 in Armour
  3424 | D:5      | Killed Edmund
  3425 | D:5      | Reached skill level 7 in Fighting
  3633 | D:5      | Noticed Grinder
  3641 | D:5      | Paralysed by Grinder for 4 turns
  3756 | D:5      | Killed Grinder
  3757 | D:5      | Reached XP level 8. HP: 62/74 MP: 8/8
  4076 | D:5      | Found Mohaso's Antique Weapon Emporium.
  4081 | D:5      | Bought a glowing long sword for 156 gold pieces
  4214 | D:5      | Noticed Sigmund
  4230 | D:5      | Killed Sigmund
  4231 | D:5      | Reached skill level 8 in Fighting
  4231 | D:5      | Reached skill level 1 in Invocations
  4833 | D:6      | Reached skill level 1 in Long Blades
  4929 | D:6      | Reached XP level 9. HP: 82/82 MP: 11/11
  5009 | D:6      | Reached skill level 9 in Fighting
  5032 | D:6      | Noticed Prince Ribbit
  5089 | D:6      | Killed Prince Ribbit
  5548 | D:7      | Reached ** piety under Beogh
  5651 | D:7      | Reached skill level 10 in Fighting
  6142 | D:8      | Reached skill level 5 in Invocations
  6178 | D:8      | Reached XP level 10. HP: 92/94 MP: 13/13
  6180 | D:8      | Reached *** piety under Beogh
  6204 | D:8      | Reached skill level 11 in Fighting
  7027 | D:8      | Found a staircase to the Lair.
  7662 | D:9      | Reached skill level 12 in Fighting
  7669 | D:9      | Reached XP level 11. HP: 55/104 MP: 16/16
  7720 | D:9      | Identified a scroll of acquirement
  7720 | D:9      | Acquired 949 gold pieces
  7800 | D:9      | Found a runed translucent door.
  7802 | D:9      | Noticed a catoblepas
  7966 | D:9      | Killed a catoblepas
  8012 | D:9      | Noticed a death knight
  8012 | D:9      | Noticed a wolf spider
  8020 | D:9      | Killed a wolf spider
  8029 | D:9      | Killed a death knight
  8029 | D:9      | Reached **** piety under Beogh
  8039 | D:9      | Identified the staff of poison "Maurgh" {rElec rPois rC+
                  | Will- Int+2}
  8045 | D:9      | Got the Enchiridion on Indurated Rime
  8160 | D:9      | Found a white marble altar of Elyvilon.
  8167 | D:9      | Found a stormy altar of Qazlal.
  8216 | D:9      | Found a broken altar of Ashenzari.
  8777 | D:9      | Noticed a two-headed ogre
  8786 | D:9      | Killed a two-headed ogre
  8787 | D:9      | Reached skill level 13 in Fighting
  8906 | D:10     | Entered Level 10 of the Dungeon
  8977 | D:10     | Found Bisam's One-of-a-Kind Rings.
  8986 | D:10     | Bought a +9 ring of strength for 780 gold pieces
  9133 | D:10     | Reached skill level 10 in Axes
  9219 | D:10     | Identified the +12 flail "Worm" {chaos, rC+ Str+2 SInv}
  9242 | D:10     | Acquired 840 gold pieces
  9249 | D:10     | Noticed a two-headed ogre
  9253 | D:10     | Killed a two-headed ogre
  9320 | D:10     | Found Omuophuo's Mayhem Merchandise.
  9483 | D:10     | Found a bloodstained altar of Trog.
  9712 | D:11     | Noticed a cyclops
  9719 | D:11     | Killed a cyclops
  9749 | D:11     | Found Qannaot's Assorted Antiques.
  9750 | D:11     | Noticed Nergalle
  9757 | D:11     | Killed Nergalle
  9758 | D:11     | Reached XP level 12. HP: 93/116 MP: 18/18
  9770 | D:11     | Bought a scroll labelled ZUPSACRAPNO for 32 gold pieces
  9770 | D:11     | Bought a scroll labelled ZUPSACRAPNO for 32 gold pieces
  9857 | D:11     | Noticed a centaur warrior
  9867 | D:11     | Killed a centaur warrior
  9889 | D:11     | Reached skill level 14 in Fighting
  9906 | D:11     | Noticed Lodul
  9921 | D:11     | Reached ***** piety under Beogh
  9936 | D:11     | HP: 4/117 [Lodul/bolt of lightning (7)]
  9956 | D:11     | HP: 4/117 [orc priest/divine providence (12)]
 10032 | D:11     | Banished Lodul
 10110 | D:11     | Found a frozen archway.
 10111 | D:11     | Noticed an ice dragon
 10148 | D:11     | Killed an ice dragon
 10531 | D:12     | Found a staircase to the Orcish Mines.
 10605 | D:12     | Found a hide-covered altar of Uskayaw.
 10685 | D:12     | Identified the +8 whip "Ihum" {vamp, rPois rCorr MP-9
                  | Str+6}
 10793 | D:12     | Noticed an eight-headed hydra
 10811 | D:12     | Killed a nine-headed hydra
 10934 | D:12     | Reached skill level 10 in Armour
 10935 | D:12     | HP: 3/118 [skeletal warrior/+0 trident (13)]
 10936 | D:12     | Slain by a skeletal warrior

Illustrated notes

Levels and vault maps discovered:
D:1:      erik_arrival_triangle_medium, layout_basic, patterned_corridor
D:2:      layout_basic, uniq_terence, uniq_robin
D:3:      layout_basic, gammafunk_ghost_cemetery,
          hellmonk_ecumenical_altar_crossroads, dk_noncrumbling_4
D:4:      layout_loops_corners, grunt_temple_overflow_cloverleaf,
          minmay_temple_entry_wispy, hex_medium, chequers_decorated_corner,
          chequers_serial_rivers_small_b
D:5:      layout_layer_cave, serial_shops, nicolae_shop_hallway_plus,
          serial_park_tiny_1, uniq_grinder, uniq_sigmund, uniq_edmund
D:6:      layout_rooms, chequers_serial_rivers_small_3, uniq_prince_ribbit1
D:7:      layout_rooms, minmay_circle_x
D:8:      layout_loops_ring, david_lair_generic
D:9:      minmay_the_grid_four_pointed_star [minmay_the_grid_triangle_9x9_sprig,
          minmay_the_grid_triangle_9x9_subtriangle,
          minmay_the_grid_triangle_9x9_zippers_vertical,
          minmay_the_grid_triangle_9x9_zippers_horizontal,
          minmay_the_grid_prize_diamond_cup], layout_basic,
          cheibrodos_ashenzari_chains, gammafunk_temple_overflow_pools
D:10:     layout_basic, trog_hazing_becter, nicolae_shop_unique_rings,
          minmay_shop_mayhem, kennysheep_another_room
D:11:     layout_stronghold, portal_ice_cave_entry_animals_and_master,
          serial_shops, shop, uniq_lodul, uniq_nergalle
D:12:     layout_long_grid, orc_0_dummy, nicolae_twisting_strands,
          nicolae_uskayaw_murder_on_the_dancefloor

Skill      XL: |  1  2  3  4  5  6  7  8  9 10 11 12 |
---------------+-------------------------------------+-----
Axes           | 3 4 6 7 9 10 11 | 11.1
Fighting       | 4 5 6 7 8 10 12 13 14 | 14.6
Armour         | 4 5 6 7 8 9 10 | 10.0
Shields        | 4 5 6 7 8 9 |  9.9
Invocations    | 2 5 7 8 9 |  9.6
Long Blades    | 1 |  1.0

Action                     |  1- 3 |  4- 6 |  7- 9 | 10-12 || total
---------------------------+-------+-------+-------+-------++-------
  Melee: War axe           |    65 |   157 |   280 |   213 ||   715
         Unarmed           |       |       |     2 |       ||     2
         Long sword        |       |       |     5 |       ||     5
         Flail             |       |       |       |   167 ||   167
  Throw: Dart              |       |       |     5 |     1 ||     6
 Invoke: Convert to Beogh  |       |     1 |       |       ||     1
    Use: Scroll            |       |     7 |     3 |    10 ||    20
         Potion            |       |     4 |     6 |     5 ||    15
   Stab: Distracted        |       |       |       |     1 ||     1
         Paralysed         |       |       |       |     1 ||     1
 Armour: Scale mail        |    17 |       |       |       ||    17
         Ring mail         |       |    74 |   171 |   281 ||   526
  Dodge: Dodged            |    22 |    72 |   152 |   191 ||   437
  Block: Buckler           |    24 |    34 |    88 |   115 ||   261
         Reflection        |     1 |       |       |       ||     1
